 Dungeon Crawl Stone Soup version 0.27-a0-40-g5f2be0e231 (webtiles) character file.

Game seed: 3867227124151622327

414 Dirian the Covered (level 6, -11/55 HPs)
             Began as a Minotaur Fighter on Jan 5, 2021.
             Mangled by an ogre
             ... wielding a +0 giant spiked club
              (26 damage)
             ... on level 4 of the Dungeon.
             The game lasted 00:04:24 (4063 turns).

Dirian the Covered (Minotaur Fighter)               Turns: 4063, Time: 00:04:24

Health: -11/55     AC:  8    Str: 21    XL:     6   Next: 60%
Magic:  5/5        EV:  8    Int:  5    God:
Gold:   247        SH: 11    Dex: 11    Spells: 5/5 levels left

rFire    . . .     SeeInvis .   a - +1 long sword
rCold    . . .     Faith    .   c - +1 kite shield
rNeg     . . .     Spirit   .   b - +0 scale mail
rPois    .         Reflect  .   (helmet restricted)
rElec    .         Harm     .   (no cloak)
rCorr    .         Rampage  .   s - +0 pair of gloves
Will     .....                  (no boots)
Stlth    ..........             (no amulet)
HPRegen  0.18/turn              (no ring)
MPRegen  0.09/turn              (no ring)

@: no status effects
A: retaliatory headbutt, horns 2
a: no special abilities


You were on level 4 of the Dungeon.
You visited 1 branch of the dungeon, and saw 4 of its levels.

You collected 247 gold pieces.

Inventory:

Hand Weapons
 a - a +1 long sword (weapon)
Armour
 b - a +0 scale mail (worn)
 c - a +1 kite shield (worn)
 s - a +0 pair of gloves (worn)
Wands
 d - a wand of enslavement (11)
Scrolls
 e - a scroll of remove curse {unknown}
 f - 3 scrolls of enchant armour
 i - a scroll of immolation
 t - a scroll of teleportation
Potions
 g - a potion of brilliance {unknown}
 h - a potion of attraction
 q - 4 potions of curing
 w - 2 potions of heal wounds


   Skills:
 + Level 4.8 Fighting
 + Level 5.3 Long Blades
 + Level 5.5 Armour
 + Level 1.7 Dodging
 - Level 5.0 Shields


You had 5 spell levels left.
You didn't know any spells.
Your spell library was empty.

Dungeon Overview and Level Annotations

Branches:
Dungeon (4/15)
 Temple: D:4-7

Altars:
Elyvilon
Trog


Innate Abilities, Weirdness & Mutations

You reflexively headbutt those who attack you in melee.
You have a pair of horns on your head.


Message History

You are too injured to fight recklessly!
You are too injured to fight recklessly!
You are too injured to fight recklessly!
You are too injured to fight recklessly!
You are too injured to fight recklessly!
You are too injured to fight recklessly!
You are too injured to fight recklessly!
You hit the ogre.
The ogre is lightly wounded.
You block the ogre's attack.
You hit the ogre.
The ogre is lightly wounded.
You slash the ogre! You headbutt the ogre.
The ogre is almost dead.
The ogre hits you with a +0 giant spiked club!
* * * LOW HITPOINT WARNING * * *
You hit the ogre but do no damage.
The ogre is almost dead.
The ogre hits you with a +0 giant spiked club!!
You die...

.###..##
#...#
.....##
##..#
##..##
#..# ####
##.# ####
#.# ...#
#.# #..#
#.#
#.O###.##
#####
#.@##..#
....#
##.?...#
....##
##....#
.....#
#....#
.....#
##.....
#....#
.....##
...###
#..####
...# ...#
.#.##
...##


You could see an ogre.

Vanquished Creatures
  The ghost of emiel the Skirmisher, an amateur NaWn (D:2)
  An ice beast (D:3)
  A water moccasin zombie (D:3)
  A centaur skeleton (D:3)
  3 gnolls (D:3)
  3 adders (D:3)
  2 oozes
  2 worms
  3 dart slugs
  3 leopard geckos (D:3)
  9 bats
  2 giant cockroaches
  8 goblins
  4 hobgoblins
  7 jackals (D:3)
  6 kobolds
  A quokka (D:2)
  4 frilled lizards
  A leopard gecko skeleton (D:4)
  7 rats
69 creatures vanquished.

Vanquished Creatures (others)
  A giant cockroach (D:2)
  2 plants (D:3)
3 creatures vanquished.

Grand Total: 72 creatures vanquished

Notes
Turn   | Place    | Note
-------+----------+-------------------------------------------
     0 | D:1      | Dirian the Minotaur Fighter began the quest for the Orb.
     0 | D:1      | Reached XP level 1. HP: 19/19 MP: 0/0
   153 | D:1      | Reached XP level 2. HP: 27/27 MP: 1/1
   776 | D:2      | Reached XP level 3. HP: 33/33 MP: 2/2
  1079 | D:2      | Found a white marble altar of Elyvilon.
  1540 | D:2      | Found a bloodstained altar of Trog.
  1540 | D:2      | Found a white marble altar of Elyvilon.
  1696 | D:3      | Found a runed translucent gate.
  1720 | D:3      | Found a runed translucent gate.
  1721 | D:3      | Found a runed translucent gate.
  1848 | D:3      | Reached XP level 4. HP: 32/40 MP: 3/3
  2268 | D:3      | Noticed an ice beast
  2529 | D:3      | Noticed emiel's ghost (amateur NaWn)
  2808 | D:3      | Killed an ice beast
  2809 | D:3      | Reached skill level 1 in Dodging
  2809 | D:3      | Reached XP level 5. HP: 31/47 MP: 4/4
  3108 | D:3      | Reached skill level 5 in Armour
  3763 | D:2      | Killed emiel's ghost
  3764 | D:2      | Reached skill level 5 in Shields
  3764 | D:2      | Reached XP level 6. HP: 43/53 MP: 5/5
  3828 | D:3      | Reached skill level 5 in Long Blades
  4063 | D:4      | Mangled by an ogre

Illustrated notes

Levels and vault maps discovered:
D:1:      dpeg_arrival_pond, layout_loops_ring, minmay_indecisive_spiral
D:2:      layout_basic, amethyst_overflow_temple_binary,
          minmay_stone_trees_small, elyvilon_altar_4
D:3:      layout_basic, gammafunk_ghost_necromancy, serial_bayou_lagoon_a
D:4:      layout_layer_cave, minmay_temple_entry_large_hall,
          small_statue_intersection

Skill      XL: |  1  2  3  4  5  6 |
---------------+-------------------+-----
Fighting       | 4 |  4.8
Armour         | 4 5 |  5.5
Long Blades    | 3 4 5 |  5.3
Shields        | 4 5 |  5.0
Dodging        | 1 |  1.7

Action                   |  1- 3 |  4- 6 || total
-------------------------+-------+-------++-------
Melee: Long sword        |   102 |    95 ||   197
       Headbutt          |    14 |    19 ||    33
  Use: Potion            |       |     1 ||     1
       Scroll            |       |    13 ||    13
Armor: Scale mail        |    46 |    34 ||    80
Dodge: Dodged            |    38 |    33 ||    71
Block: Kite shield       |    64 |    59 ||   123
       Rpst.: Long sword |    11 |    12 ||    23

Table legend: (Time is in decaauts)
 A = Elapsed time spent in this place.
 B = Non-inter-level travel time spent in this place.
 C = Inter-level travel time spent in this place.
 D = Time resting spent in this place.
 E = Time spent auto-exploring this place.
 F = Levels seen in this place.
 G = Mean time per level.
                   A        B        C        D        E       F      G
               +--------+--------+--------+--------+--------+-----+--------+
         Total |   4128 |   3989 |    139 |    646 |   2814 |   4 | 1032.0 |
       Dungeon |   4128 |   3989 |    139 |    646 |   2814 |   4 | 1032.0 |
               +--------+--------+--------+--------+--------+-----+--------+

Top non-repeatable levels by time:
     D:2: 1654 daAuts
     D:3: 1538 daAuts
     D:1: 725 daAuts
     D:4: 209 daAuts
